 Dungeon Crawl Stone Soup version 0.22-a0-609-gfedc9ff (webtiles) character file.

436 kae the Cudgeler (level 6, 0/56 HPs)
             Began as a Minotaur Fighter on July 10, 2018.
             Slain by an ogre
             ... wielding a +0 giant spiked club
              (32 damage)
             ... on level 4 of the Dungeon.
             The game lasted 00:02:02 (3372 turns).

kae the Cudgeler (Minotaur Fighter)                 Turns: 3372, Time: 00:02:03

Health: 0/56       AC:  7    Str: 21    XL:     6   Next: 68%
Magic:  5/5        EV:  8    Int:  6    God:
Gold:   147        SH:  9    Dex: 10    Spells: 5/5 levels left

rFire    . . .     SeeInvis +   a - +1 flail
rCold    . . .     Gourm    .   c - +0 shield
rNeg     . . .     Faith    .   b - +0 scale mail
rPois    .         Spirit   .   (helmet restricted)
rElec    .         Reflect  .   (no cloak)
rCorr    .         Harm     .   (no gloves)
MR       .....     Rnd*Tele +   (no boots)
Stlth    ..........             (no amulet)
HPRegen  0.18/turn              n - ring of teleportation (curse)
MPRegen  0.09/turn              o - ring of see invisible

@: no status effects
A: retaliatory headbutt, horns 2
a: no special abilities


You were on level 4 of the Dungeon.
You were very hungry.

You visited 1 branch of the dungeon, and saw 4 of its levels.

You collected 147 gold pieces.

Inventory:

Hand Weapons
 a - a +1 flail (weapon)
Armour
 b - a +0 scale mail (worn)
 c - a +0 shield (worn)
Jewellery
 h - an uncursed amulet of regeneration
 n - a cursed ring of teleportation (left hand)
 o - a ring of see invisible (right hand)
Scrolls
 e - 2 scrolls of teleportation {unknown}
 g - a scroll of immolation {unknown}
 i - a scroll of enchant weapon
 l - a scroll of enchant armour {unknown}
Potions
 d - a potion of might
 j - 4 potions of brilliance
 k - a potion of lignification
 p - 2 potions of mutation
 q - a potion of heal wounds
 r - 4 potions of curing
Comestibles
 f - 5 rations


   Skills:
 + Level 5.1 Fighting
 * Level 5.8 Maces & Flails
 + Level 5.2 Armour
 + Level 3.1 Dodging
 - Level 3.6 Shields


You had 5 spell levels left.
You didn't know any spells.
Your spell library was empty.

Dungeon Overview and Level Annotations

Branches:
Dungeon (4/15)
 Temple: D:4-7

Altars:
Gozag
Vehumet
Xom
Zin


Innate Abilities, Weirdness & Mutations

You reflexively headbutt those who attack you in melee.
You have a pair of horns on your head.


Message History

An ogre is nearby!
An ogre is nearby!
An ogre is nearby!
The ogre hits you with a giant spiked club!!
You are too injured to fight recklessly!
You are too injured to fight recklessly!
You are too injured to fight recklessly!
You are too injured to fight recklessly!
You are too injured to fight recklessly!
You are too injured to fight recklessly!
You are too injured to fight recklessly!
Your shield prevents you from hitting the ogre.
You headbutt the ogre!
The ogre is moderately wounded.
You block the ogre's attack.
You barely miss the ogre.
The ogre is moderately wounded.
The ogre hits you with a giant spiked club!!
Ouch! That really hurt!
You die...

######.#####.#..,,,*
#####.### #.#.#**.# #.......#
#.#.# *.# *** #.##..#.#
#.#.###.###,*
#.#...#.###.#.......,,*
#.#...#...........#**,*
##..............#.## *,*
.............#...$.###.#
...........#....@......#
.≈≈........##...#O..####
≈..≈.......##...#...#*,*
≈..≈..≈≈...≈##..#.....,*
..≈..≈..≈..≈≈#..######.#***
..≈.⌠≈..≈..≈≈#...,,,,,,.,,*
.≈..≈⌠.≈...≈≈#.###****,**,***
.≈..≈..≈..≈≈≈#.* *,,,,*,*<*
..≈≈..≈..≈≈≈##,* *,*,,,,*,*


You could see an ogre.

Vanquished Creatures
  An ogre (D:3)
  A hound (D:4)
  An orc priest (D:4)
  2 orc wizards (D:4)
  2 worker ants (D:4)
  Robin (D:4)
  3 adders
  2 oozes
  3 worms
  5 dart slugs
  2 leopard geckos
  18 orcs
  3 bats
  3 giant cockroaches
  16 goblins
  15 hobgoblins
  A kobold (D:3)
  5 quokkas
  3 ball pythons
  7 frilled lizards
  8 rats
102 creatures vanquished.

Notes
Turn   | Place    | Note
-------+----------+-------------------------------------------
     0 | D:1      | kae the Minotaur Fighter began the quest for the Orb.
     0 | D:1      | Reached XP level 1. HP: 19/19 MP: 0/0
    73 | D:1      | Reached XP level 2. HP: 27/27 MP: 1/1
   291 | D:1      | Reached skill level 1 in Dodging
   331 | D:1      | Reached XP level 3. HP: 26/33 MP: 2/2
  1092 | D:2      | Noticed an angel
  1093 | D:2      | Found a shimmering altar of Xom.
  1093 | D:2      | Found a glowing silver altar of Zin.
  1462 | D:2      | Reached XP level 4. HP: 39/40 MP: 3/3
  1849 | D:3      | Found an opulent altar of Gozag.
  1988 | D:3      | Found a radiant altar of Vehumet.
  2171 | D:3      | Noticed an ogre
  2177 | D:3      | Killed an ogre
  2177 | D:3      | Reached XP level 5. HP: 33/47 MP: 4/4
  2648 | D:4      | Noticed Robin
  2682 | D:4      | Reached skill level 5 in Maces & Flails
  2688 | D:4      | Killed Robin
  2692 | D:4      | Reached XP level 6. HP: 43/55 MP: 5/5
  2913 | D:4      | Reached skill level 5 in Armour
  2915 | D:4      | Reached skill level 5 in Fighting
  3372 | D:4      | Slain by an ogre

Vault maps used:
D:1:      ebering_trefoil_twist
D:2:      grunt_temple_overflow_order_and_chaos_1
D:3:      vehumet_crystals, first_ration, nicolae_gozag_seed_capital
D:4:      cheibrodos_helix_gallery, uniq_robin

Skill      XL: |  1  2  3  4  5  6 |
---------------+-------------------+-----
Maces & Flails | 3 4 5 |  5.8
Dodging        | 1 2 3 |  3.1
Armour         | 4 5 |  5.2
Fighting       | 4 5 |  5.1
Shields        | |  3.6

Action                   |  1- 3 |  4- 6 || total
-------------------------+-------+-------++-------
Melee: Flail             |   109 |   127 ||   236
       Headbutt          |    17 |    25 ||    42
  Use: Scroll            |       |    11 ||    11
  Eat: Chunk             |       |     7 ||     7
Armor: Scale mail        |    39 |    33 ||    72
Dodge: Dodged            |    32 |    35 ||    67
Block: Shield            |    44 |    56 ||   100

Table legend:
 A = Spawn XP
 B = Non-spawn XP
 C = Spawn XP percentage of total XP
 D = Spawn monster count
 E = Non-spawn monster count
 F = Spawn count percentage of total count
 G = Total turns spent on level
                    A         B        C        D         E        F      G
               +---------+---------+-------+---------+---------+-------+---------
         Total |       0 |     623 |   0.0 |       0 |     102 |   0.0 |  3372
               +---------+---------+-------+---------+---------+-------+---------
           D:1 |       0 |      51 |   0.0 |       0 |      27 |   0.0 |   675
           D:2 |       0 |      50 |   0.0 |       0 |      18 |   0.0 |   943
           D:3 |       0 |     219 |   0.0 |       0 |      32 |   0.0 |   956
           D:4 |       0 |     303 |   0.0 |       0 |      25 |   0.0 |   798
               +---------+---------+-------+---------+---------+-------+---------
